 Dungeon Crawl Stone Soup version 0.27-a0-951-gae3e1deef5 (webtiles) character file.

Game seed: 5833264498284785857

13930 ardl the Warrior (level 12, -5/141 HPs)
             Began as an Ogre Hunter on Apr 12, 2021.
             Was a High Priest of Okawaru.
             Slain by a freezing wraith (9 damage)
             ... on level 10 of the Dungeon.
             The game lasted 00:32:35 (17278 turns).

ardl the Warrior (Ogre Hunter)                     Turns: 17278, Time: 00:32:36

Health: -5/141     AC:  8    Str: 19    XL:     12   Next: 11%
Magic:  0/14       EV: 13    Int: 12    God:    Okawaru [*****.]
Gold:   726        SH:  0    Dex: 13    Spells: 11/11 levels left

rFire    + . .     SeeInvis +   L - +10 rapier of the Maze {freeze, Drain Fly rPois Will++}
rCold    x . .     Faith    .   (no shield)
rNeg     . . .     Spirit   +   G - +0 steam dragon scales
rPois    +         Reflect  .   (helmet restricted)
rElec    .         Harm     .   o - +0 cloak
rCorr    .         Rampage  .   (gloves unavailable)
Will     ++++.                  (boots unavailable)
Stlth    +++.......             v - amulet of guardian spirit
HPRegen  0.33/turn              K - ring of fire
MPRegen  0.14/turn              D - ring "Geof" {Fly Will+ SInv}

@: about to teleport, heroic, flying, slowed, very slow
A: large, unfitting armour, tough skin 1
a: Renounce Religion, Heroism, Finesse


You were on level 10 of the Dungeon.
You worshipped Okawaru.
Okawaru was extremely pleased with you.
You visited 2 branches of the dungeon, and saw 11 of its levels.
You also visited: Sewer and Ossuary.

You collected 768 gold pieces.
You spent 42 gold pieces at shops.

Inventory:

Hand Weapons
 L - the +10 rapier of the Maze (weapon) {freeze, Drain Fly rPois Will++}
   (You found it on level 9 of the Dungeon)

   It has been specially enchanted to freeze those struck by it, causing extra
   injury to most foes and up to half again as much damage against particularly
   susceptible opponents.
   It can also slow down cold-blooded creatures.
   It protects you from poison.
   It grants you flight.
   It drains your maximum health when unequipped.
   It greatly increases your willpower.
Missiles
 a - 10 large rocks
 d - 2 throwing nets
 j - 10 silver javelins
 r - 21 poisoned darts
 z - 12 boomerangs (quivered)
 A - 5 curare-tipped darts
Armour
 o - a +0 cloak (worn)
 s - a +1 hat
 G - +0 steam dragon scales (worn)
Jewellery
 k - a ring of magical power
 v - an amulet of guardian spirit (around neck)
 D - the ring "Geof" (right hand) {Fly Will+ SInv}
   (You found it on level 6 of the Dungeon)

   [ring of see invisible]

   It lets you see invisible.
   It grants you flight.
   It increases your willpower.
 E - a ring of ice
 K - a ring of fire (left hand)
 S - a ring of see invisible
Wands
 b - a wand of iceblast (12)
 p - a wand of flame (54)
 F - a wand of charming (24)
 N - a wand of polymorph (8)
Scrolls
 c - 2 scrolls of fog
 e - a scroll of acquirement {unknown}
 f - 2 scrolls of enchant weapon
 g - 3 scrolls of fear
 i - a scroll of identify
 t - 4 scrolls of teleportation
 x - 2 scrolls of silence {unknown}
 y - a scroll of blinking {unknown}
 B - 2 scrolls of magic mapping {unknown}
 C - a scroll of immolation
 J - a scroll of vulnerability {unknown}
Potions
 h - a potion of haste
 l - 3 potions of heal wounds
 m - a potion of cancellation {unknown}
 n - 2 potions of resistance
 q - 11 potions of curing
 u - 3 potions of lignification {unknown}
 w - 2 potions of magic
 H - 5 potions of invisibility
 I - a potion of berserk rage {unknown}
 M - a potion of mutation {unknown}


   Skills:
 - Level 15.0(20.0) Fighting
 - Level 7.0(12.0) Short Blades
 - Level 4.0(9.0) Polearms
 + Level 11.8(16.8) Throwing
 - Level 4.0(9.0) Dodging
 - Level 0.6(5.6) Stealth
 - Level 3.0 Invocations


You had 11 spell levels left.
You didn't know any spells.
Your spell library contained the following spells:

 Spells                   Type           Power      Damage    Failure   Level
 Animate Skeleton         Necr           0%         N/A       32%         1
 Apportation              Tloc           0%         N/A       32%         1
 Corona                   Hex            0%         N/A       32%         1
 Magic Dart               Conj           0%         1d3       32%         1
 Sting                    Tmut/Pois      0%         1d3       32%         1
 Summon Small Mammal      Summ           0%         N/A       32%         1
 Blink                    Tloc           N/A        N/A       45%         2
 Call Imp                 Summ           0%         N/A       45%         2
 Poisonous Vapours        Pois/Air       0%         N/A       45%         2
 Slow                     Hex            0%         N/A       45%         2
 Conjure Flame            Conj/Fire      0%         6-21      69%         3
 Ignite Poison            Fire/Tmut/Pois 0%         N/A       69%         3
 Mephitic Cloud           Conj/Pois/Air  0%         N/A       69%         3
 Olgreb's Toxic Radiance  Pois           0%         N/A       97%         4


Dungeon Overview and Level Annotations

Branches:
Dungeon (10/15)            Temple (1/1) D:5            Lair (0/6) D:10
  Sewer (visited)         Ossuary (visited)
    Orc: D:9-12

Altars:
Ashenzari
Cheibriados
Dithmenos
Elyvilon
Fedhas
Gozag
Hepliaklqana
Kikubaaqudgha
Makhleb
Nemelex Xobeh
Okawaru
Qazlal
Ru
Sif Muna
Trog
Uskayaw
Vehumet
Wu Jian
Xom
Yredelemnul
The Shining One

Shops:
D:1 !   D:2 :![?=   D:4 [

Annotations:
D:2 1 runed translucent door, Crazy Yiuf
D:9 1 runed translucent door, JPVeigar's ghost, novice SpEn
D:10 exclusions: door and 2 more exclusions


Innate Abilities, Weirdness & Mutations

You are too large for most types of armour.
You have tough skin. (AC +1)


Message History

You throw a boomerang.
The boomerang barely misses the freezing wraith.
The freezing wraith hits you! The freezing wraith freezes you!
The freezing wraith barely misses you.
You take 24 damage, and have 65/141 hp.
You now have 9/23 mp.
You are too injured to fight recklessly!
Throw: 13 boomerangs
Aim: a freezing wraith (heavily damaged, 74% to hit)
You throw a boomerang.
The boomerang barely misses the freezing wraith.
The freezing wraith completely misses you.
The freezing wraith hits you but does no damage.
You're wearing all the rings you can.
Remove which one? (? for menu, Esc to cancel) < or
k - a ring of magical power > or
D - the ring "Geof" {Fly Will+ SInv} You remove your ring of magical power.
You feel your magic capacity decrease.
You feel more attuned to fire.
K - a ring of fire (left hand)
The freezing wraith hits you. The freezing wraith freezes you!!
You feel a terrible chill!
* * * LOW HITPOINT WARNING * * *
The freezing wraith hits you!
* * * LOW HITPOINT WARNING * * *
The freezing wraith drains your vigour!
You feel yourself slow down.
You take 40 damage, and have 25/141 hp.
MASSIVE DAMAGE!!
You now have 3/14 mp.
Okay, then.
Unknown command.
As you read the scroll of teleportation, it crumbles to dust.
You feel strangely unstable. The freezing wraith hits you!
* * * LOW HITPOINT WARNING * * *
The freezing wraith freezes you!
You feel a terrible chill!
* * * LOW HITPOINT WARNING * * *
The freezing wraith hits you!
You die...

..P.#......#####........#...#....
.P.P.......#...#........#####....
...........#...#.................
....P......#...#.#####...........
).....P....'...#.# #....######.
##...P.....#'###[# #....# #.
)#.....).........# #....# #.
>#.....))...)[.[.# #....# #.
##.P......######@#####....# #.
...P......# #W.........# #.
...P..)...# #..........# #.
.P........# #..........# #.
..........# #..........# ####.
.P........# #..........# #.##.
..........# #..........###.##.
..........######.................
..............)).)...####.###.#'#


You could see a freezing wraith.

Vanquished Creatures
  A death knight (D:10)
  3 two-headed ogres (D:10)
  A tengu warrior (D:10)
  An ugly thing (D:10)
  A manticore (D:10)
  Joseph (D:8)
  A komodo dragon (D:10)
  A tengu conjurer (D:10)
  2 trolls (D:10)
  A hornet (D:10)
  Grinder (D:6)
  A wraith (D:10)
  Sigmund (D:3)
  23 yaks
  Eustachio (D:4)
  2 steam dragons
  A naga (shapeshifter) (D:10)
  A water moccasin (D:9)
  6 orc warriors
  A hornet zombie (D:9)
  A necrophage (D:4)
  A black bear (D:10)
  2 ogres (D:6)
  2 phantoms
  3 centaurs
  3 kobold brigands
  2 bullfrogs
  A scorpion (D:5)
  3 water moccasin zombies (Ossuary)
  3 wyvern zombies (Ossuary)
  A water moccasin skeleton (D:7)
  4 killer bees
  5 wights (D:10)
  2 howler monkeys (D:10)
  4 centaur zombies
  4 bullfrog zombies (Ossuary)
  5 orc priests
  4 hounds
  A jelly (D:5)
  Jessica (D:3)
  2 iguanas
  Ijyb (D:4)
  Terence (D:3)
  Natasha (thrice) (D:2)
  7 orc wizards
  A killer bee zombie (Ossuary)
  A hound zombie (D:5)
  11 mummies (Ossuary)
  6 howler monkey zombies (Ossuary)
  6 gnolls
  6 adders
  4 river rats
  2 shadow imps
  A white imp (D:6)
  An adder skeleton (D:4)
  2 worms (D:2)
  2 dart slugs (D:1)
  23 orcs
  7 ball pythons
  3 bats
  5 endoplasms
  3 giant cockroaches
  14 goblins
  12 hobgoblins
  5 jackals
  24 kobolds
  5 quokkas
  12 frilled lizards
  13 rats
286 creatures vanquished.

Vanquished Creatures (others)
  A centaur zombie (D:10)
  A jackal (D:3)
  21 fungi
  13 plants (D:10)
  4 withered plants (Ossuary)
40 creatures vanquished.

Grand Total: 326 creatures vanquished

Notes
Turn   | Place    | Note
-------+----------+-------------------------------------------
     0 | D:1      | ardl the Ogre Hunter began the quest for the Orb.
     0 | D:1      | Reached XP level 1. HP: 22/22 MP: 1/1
   270 | D:1      | Reached skill level 3 in Fighting
   471 | D:1      | Reached XP level 2. HP: 31/31 MP: 2/2
   567 | D:1      | Found Liestraoth's Distillery.
  1749 | D:1      | Reached XP level 3. HP: 20/39 MP: 3/3
  2130 | D:2      | Noticed Natasha
  2242 | D:2      | Killed Natasha
  2243 | D:2      | Reached skill level 4 in Fighting
  2320 | D:2      | Reached XP level 4. HP: 42/49 MP: 4/4
  2399 | D:2      | Found Lamall's Armour Emporium.
  2400 | D:2      | Found Netihimp's Magic Scroll Shoppe.
  2542 | D:2      | Found Gocudane's Jewellery Shoppe.
  2585 | D:2      | Found a faded altar of an unknown god.
  2847 | D:2      | Found Ysiorcho's Distillery.
  2855 | D:2      | Bought a potion of curing for 42 gold pieces
  3043 | D:2      | Found Sast's Book Emporium.
  3066 | D:2      | Reached skill level 5 in Throwing
  3325 | D:2      | Found a runed translucent door.
  3326 | D:2      | Noticed Crazy Yiuf
  3356 | D:2      | Noticed Natasha
  3362 | D:2      | Killed Natasha
  3363 | D:2      | Reached skill level 5 in Fighting
  3370 | D:2      | Noticed Natasha
  3373 | D:2      | Killed Natasha
  3374 | D:2      | Reached XP level 5. HP: 39/57 MP: 5/5
  4018 | D:3      | Noticed Sigmund
  4030 | D:3      | Killed Sigmund
  4031 | D:3      | Reached skill level 6 in Fighting
  4031 | D:3      | Reached XP level 6. HP: 12/68 MP: 6/6
  4531 | D:3      | Noticed Jessica
  4544 | D:3      | Killed Jessica
  4545 | D:3      | Reached skill level 7 in Fighting
  4563 | D:3      | Noticed Terence
  4782 | D:3      | Killed Terence
  5297 | D:3      | Found a stormy altar of Qazlal.
  5317 | D:3      | Reached XP level 7. HP: 59/78 MP: 7/7
  5616 | D:4      | Reached skill level 8 in Fighting
  6036 | D:4      | Noticed Eustachio
  6040 | D:4      | Killed Eustachio
  6088 | D:4      | Noticed Ijyb
  6190 | D:4      | Found Gedyphio's Antique Armour Shop.
  6214 | D:4      | Killed Ijyb
  6564 | D:4      | Reached XP level 8. HP: 80/88 MP: 8/8
  7198 | D:4      | Found a glowing golden altar of the Shining One.
  7346 | D:5      | Entered Level 5 of the Dungeon
  7738 | D:5      | Found a glowing drain.
  7759 | D:5      | Reached skill level 1 in Polearms
  7770 | Sewer    | Entered a sewer
  8575 | D:5      | Found a broken altar of Ashenzari.
  8628 | D:5      | Found a staircase to the Ecumenical Temple.
  8636 | Temple   | Entered the Ecumenical Temple
  8665 | Temple   | Became a worshipper of Warmaster Okawaru
  8868 | D:5      | Found a sacrificial altar of Ru.
  9330 | D:6      | Identified the ring "Geof" {Fly Will+ SInv}
  9366 | D:6      | Reached skill level 9 in Fighting
  9424 | D:6      | Reached skill level 10 in Fighting
  9433 | D:6      | Noticed Grinder
  9445 | D:6      | Reached XP level 9. HP: 50/102 MP: 9/9
  9679 | D:6      | Found a sparkling altar of Nemelex Xobeh.
  9681 | D:6      | Found an ornate altar of the Wu Jian Council.
  9828 | D:6      | Killed Grinder
  9828 | D:6      | Reached * piety under Okawaru
  9829 | D:6      | Reached skill level 11 in Fighting
 10172 | D:6      | Found a blossoming altar of Fedhas.
 10753 | D:7      | Reached skill level 1 in Invocations
 10891 | D:7      | Found a hide-covered altar of Uskayaw.
 11020 | D:7      | Found a bloodstained altar of Trog.
 11682 | D:7      | Reached skill level 12 in Fighting
 11892 | D:8      | Found a sand-covered staircase.
 11897 | Ossuary  | Entered an ossuary
 12060 | Ossuary  | Reached ** piety under Okawaru
 12798 | Ossuary  | Reached XP level 10. HP: 105/115 MP: 12/12
 13080 | D:8      | Noticed Joseph
 13094 | D:8      | Killed Joseph
 13098 | D:8      | Reached skill level 10 in Throwing
 13186 | D:8      | Found a shadowy altar of Dithmenos.
 13492 | D:8      | Reached *** piety under Okawaru
 13836 | D:8      | Saving game... please wait.
 13998 | D:9      | Reached skill level 13 in Fighting
 14219 | D:9      | Found a runed translucent door.
 14219 | D:9      | Found a shimmering altar of Xom.
 14219 | D:9      | Identified the +10 rapier of the Maze {freeze, Drain Fly
                  | rPois Will++}
 14219 | D:9      | Noticed JPVeigar's ghost (novice SpEn)
 14220 | D:9      | Noticed a +2 scimitar of chaos
 14299 | D:9      | Reached **** piety under Okawaru
 14300 | D:9      | Reached skill level 14 in Fighting
 14873 | D:9      | Found a burning altar of Makhleb.
 14942 | D:9      | Reached skill level 1 in Short Blades
 14942 | D:9      | Reached XP level 11. HP: 111/131 MP: 13/13
 14955 | D:9      | Reached skill level 15 in Fighting
 15174 | D:10     | Entered Level 10 of the Dungeon
 15447 | D:10     | Noticed a two-headed ogre
 15453 | D:10     | Killed a two-headed ogre
 15453 | D:10     | Reached ***** piety under Okawaru
 15478 | D:10     | Reached skill level 5 in Short Blades
 15482 | D:10     | Noticed a two-headed ogre
 15496 | D:10     | Killed a two-headed ogre
 15825 | D:10     | Noticed a two-headed ogre
 15835 | D:10     | Killed a two-headed ogre
 15835 | D:10     | Received a gift from Okawaru
 15967 | D:10     | Found a staircase to the Lair.
 16069 | D:10     | Found a sacrificial altar of Ru.
 16380 | D:10     | Received a gift from Okawaru
 16390 | D:10     | Noticed a brown ugly thing
 16397 | D:10     | Noticed an orc knight
 16398 | D:10     | Noticed an orb spider
 16400 | D:10     | Noticed a manticore
 16445 | D:10     | Noticed a tengu warrior
 16616 | D:10     | Noticed a death knight
 16625 | D:10     | Killed a death knight
 16631 | D:10     | Received a gift from Okawaru
 16704 | D:10     | Killed a manticore
 16705 | D:10     | Reached XP level 12. HP: 58/141 MP: 8/14
 17067 | D:10     | Noticed a fire dragon
 17144 | D:10     | Killed a tengu warrior
 17278 | D:10     | HP: 4/141 [freezing wraith (14)]
 17278 | D:10     | Slain by a freezing wraith

Illustrated notes

Levels and vault maps discovered:
D:1:      doesnt_arrival_eight_statues, layout_loops_corners, serial_shops,
          shop, serial_forest, infiniplex_forest_end_2,
          infiniplex_forest_clump_double, infiniplex_forest_side_room,
          infiniplex_forest_straight_3, infiniplex_forest_end_3, minmay_tall_x
D:2:      layout_basic, ebering_ecumenical_altar_sacrificial, serial_shops,
          shop, shop, shop, shop, shop, kennysheep_generic_room_9,
          uniq_crazy_yiuf_cottage, uniq_natasha
D:3:      layout_rooms, grunt_qazlal_sundering, uniq_sigmund, uniq_jessica,
          uniq_terence
D:4:      layout_layer_cave, kennysheep_little_box, serial_shops,
          kennysheep_mini, minmay_misc_feat_columns,
          chequers_serial_rivers_micro_e, uniq_ijyb, uniq_eustachio
D:5:      layout_loops_ring, minmay_temple_entry_overgrown,
          portal_sewer_entry_b, hangedman_feature_mirror,
          chequers_serial_rivers_micro_c, kennysheep_small_square
D:6:      layout_rooms, jmf_multi_god_temple, general_overflow_altar,
          serial_aquarium, aquarium_bridge_square [aquarium_subvault_wall,
          aquarium_subvault_wall, aquarium_subvault_bridge,
          aquarium_subvault_window], aquarium_bridge_long_joined
          [aquarium_subvault_bridge, aquarium_subvault_window,
          aquarium_subvault_wall, aquarium_subvault_window,
          aquarium_subvault_wall, aquarium_subvault_bridge], aquarium_window_2,
          aquarium_window_1, aquarium_window_fake, aquarium_view_2c,
          aquarium_view_2a, aquarium_balcony_1a, uniq_grinder
D:7:      layout_basic, lemuel_tele_altar, trog_hazing_becter
D:8:      layout_basic, grunt_dithmenos_shadows, enter_ossuary_5,
          nicolae_straight_to_the_point, uniq_joseph
D:9:      layout_irregular_city, nicolae_overflow_hidden_temple,
          ebering_ghost_xom
D:10:     hangedman_cross_veins, layout_irregular_city, kennysheep_mini_moat,
          grunt_lair_entry_orc_guard_hut, minmay_rotating_lava
Temple:   minmay_temple_bridge_abc

Skill      XL: |  1  2  3  4  5  6  7  8  9 10 11 |
---------------+----------------------------------+-----
Fighting       | 3 4 5 6 7 8 10 12 14 15 | 15.0
Throwing       | 5 6 7 8 10 11 | 11.8
Polearms       | 4 |  4.0
Dodging        | 4 |  4.0
Invocations    | 3 |  3.0
Short Blades   | 1 7 |  7.0
Stealth        | |  0.6

Action                   |  1- 3 |  4- 6 |  7- 9 | 10-12 || total
-------------------------+-------+-------+-------+-------++-------
Melee: Short sword       |   128 |   156 |       |       ||   284
       Spear             |       |    11 |   591 |   125 ||   727
       Punch             |       |       |     1 |     4 ||     5
       Rapier            |       |       |       |   173 ||   173
Throw: Large rock        |    11 |    21 |    13 |     5 ||    50
       Throwing net      |       |     3 |       |       ||     3
       Javelin           |       |     5 |    15 |     6 ||    26
       Dart              |       |       |    23 |     2 ||    25
       Boomerang         |       |       |     6 |   118 ||   124
Invok: Heroism           |       |       |     2 |    10 ||    12
       Finesse           |       |       |       |     1 ||     1
  Use: Scroll            |       |     6 |     6 |     7 ||    19
       Potion            |       |     2 |     1 |       ||     3
 Stab: Sleeping          |       |     2 |     5 |     1 ||     8
       Invisible         |       |     3 |       |       ||     3
Armor: Robe              |    47 |    38 |    53 |       ||   138
       Steam dragon scal |       |       |    54 |    69 ||   123
Dodge: Dodged            |    55 |    88 |   251 |   148 ||   542

Table legend: (Time is in decaauts)
 A = Elapsed time spent in this place.
 B = Non-inter-level travel time spent in this place.
 C = Inter-level travel time spent in this place.
 D = Time resting spent in this place.
 E = Time spent auto-exploring this place.
 F = Levels seen in this place.
 G = Mean time per level.
                   A        B        C        D        E       F      G
               +--------+--------+--------+--------+--------+-----+--------+
         Total |  17271 |  16869 |    402 |   3843 |  10251 |  13 | 1328.5 |
       Dungeon |  15582 |  15199 |    383 |   3768 |   9101 |  10 | 1558.2 |
        Temple |     49 |     30 |     19 |      0 |     22 |   1 |   49.0 |
         Sewer |    556 |    556 |      0 |     55 |    366 |   1 |  556.0 |
       Ossuary |   1083 |   1083 |      0 |     20 |    762 |   1 | 1083.0 |
               +--------+--------+--------+--------+--------+-----+--------+

Top non-repeatable levels by time:
     D:2: 2247 daAuts
     D:1: 2131 daAuts
    D:10: 1970 daAuts
     D:4: 1801 daAuts
     D:6: 1533 daAuts
     D:9: 1397 daAuts
     D:7: 1234 daAuts
     D:3: 1232 daAuts
     D:5: 1087 daAuts
 Ossuary: 1083 daAuts
     D:8: 946 daAuts
   Sewer: 556 daAuts
  Temple: 49 daAuts
